 Seeded DCSS version 0.26.1-10-gdfb7c7de75 (webtiles) character file.

Game seed: 13435453013147752700 (custom seed)

2925 wilfster70 the Frost Mage (level 9, -3/66 HPs)
             Began as a Gnoll Ice Elementalist on Apr 9, 2021.
             Was a Believer of Ashenzari.
             Slain by a yak (12 damage)
             ... on level 9 of the Dungeon.
             The game lasted 00:18:11 (8490 turns).

wilfster70 the Frost Mage (Gnoll Ice Elementalist)  Turns: 8490, Time: 00:18:12

Health: -3/66      AC:  5    Str: 10    XL:     9   Next: 79%
Magic:  17/19      EV: 16    Int: 24    God:    Ashenzari [**....]
Gold:   547        SH:  0    Dex: 16    Spells: 14/21 levels left

rFire    + + .     SeeInvis .   a - +9 falchion "Bisade" {vorpal, rElec Int+3} (curse)
rCold    . . .     Faith    .   (no shield)
rNeg     . . .     Spirit   .   B - +2 leather armour {rF+}
rPois    .         Reflect  .   (no helmet)
rElec    +         Harm     .   (no cloak)
rCorr    .         Rampage  .   (no gloves)
Will     .....                  (no boots)
Stlth    ++++......             (no amulet)
HPRegen  0.21/turn              k - ring of protection from fire
MPRegen  0.16/turn              x - ring of stealth

@: frozen ramparts
A: distributed training, fangs 1, strong nose
a: Renounce Religion, Curse Item, Scrying


You were on level 9 of the Dungeon.
You worshipped Ashenzari.
Ashenzari was pleased with you.
You visited 1 branch of the dungeon, and saw 9 of its levels.

You collected 547 gold pieces.

Inventory:

Hand Weapons
 a - the cursed +9 falchion "Bisade" (weapon) {vorpal, rElec Int+3}
   (You found it on level 6 of the Dungeon)

   It inflicts extra damage upon your enemies.
   It affects your intelligence (+3).
   It insulates you from electricity.
   It has a curse placed upon it.
Missiles
 o - 24 poisoned darts
Armour
 B - a +2 leather armour of fire resistance (worn)
Jewellery
 k - a ring of protection from fire (left hand)
 x - a ring of stealth (right hand)
 C - an uncursed amulet of reflection
Wands
 v - a wand of random effects (12)
Scrolls
 b - 3 scrolls of teleportation {unknown}
 f - 2 scrolls of fear {unknown}
 g - a scroll of random uselessness {unknown}
 i - 2 scrolls of amnesia {unknown}
 j - a scroll of enchant weapon {unknown}
 n - 3 scrolls of magic mapping {unknown}
 t - 5 scrolls of remove curse
 u - 3 scrolls of blinking {unknown}
 w - 2 scrolls of immolation {unknown}
 y - a scroll of fog {unknown}
Potions
 c - 2 potions of heal wounds
 d - 2 potions of haste {unknown}
 e - 2 potions of might
 h - 2 potions of brilliance
 l - a potion of mutation
 m - 5 potions of degeneration
 p - a potion of lignification {unknown}
 q - a potion of cancellation {unknown}
 s - 2 potions of flight
 z - a potion of curing {unknown}
 A - 2 potions of invisibility {unknown}
 D - a potion of ambrosia {unknown}


   Skills:
 + Level 4.5 Fighting
 + Level 4.5 Short Blades
 + Level 4.5(6.7) Long Blades
 + Level 4.5 Axes
 + Level 4.5 Maces & Flails
 + Level 4.5 Polearms
 + Level 4.5 Staves
 + Level 4.5 Slings
 + Level 4.5 Bows
 + Level 4.5 Crossbows
 + Level 4.5 Throwing
 + Level 4.5 Armour
 + Level 6.5 Dodging
 + Level 6.3 Stealth
 + Level 4.5 Shields
 + Level 4.5 Unarmed Combat
 + Level 6.8 Spellcasting
 + Level 3.8 Conjurations
 + Level 3.8 Hexes
 + Level 3.8 Summonings
 + Level 3.8 Necromancy
 + Level 3.8 Translocations
 + Level 3.8 Transmutations
 + Level 3.8 Fire Magic
 + Level 8.1 Ice Magic
 + Level 3.8 Air Magic
 + Level 3.8 Earth Magic
 + Level 3.8 Poison Magic
 + Level 5.0 Invocations
 + Level 4.5 Evocations


You had 14 spell levels left.
You knew the following spells:

 Your Spells              Type           Power        Failure   Level
a - Ozocubu's Armour      Ice            47%          1%          3
b - Frozen Ramparts       Ice            94%          1%          3
c - Freeze                Ice            100%         1%          1

Your spell library contained the following spells:

 Spells                   Type           Power        Failure   Level
 Magic Dart               Conj           100%         1%          1
 Blink                    Tloc           N/A          3%          2
 Call Imp                 Summ           26%          3%          2
 Slow                     Hex            26%          3%          2
 Conjure Flame            Conj/Fire      26%          6%          3
 Mephitic Cloud           Conj/Pois/Air  26%          6%          3
 Hailstorm                Conj/Ice       36%          9%          4
 Summon Ice Beast         Ice/Summ       36%          9%          4


Dungeon Overview and Level Annotations

Branches:
Dungeon (9/15)             Temple (0/1) D:6
   Lair: D:8-11         Orc: D:9-12

Altars:
Ashenzari
Hepliaklqana
Nemelex Xobeh
Okawaru

Shops:
D:8 :

Annotations:
D:6 2 transporters, Sassenached's ghost, novice DgWn


Innate Abilities, Weirdness & Mutations

Your experience applies equally to all skills.
You have very sharp teeth.
Your uncanny sense of smell can sniff out nearby items.


Message History

You hit the ogre.
You kill the ogre!
The wall freezes the yak.
The yak misses you.
You riposte.
You closely miss the yak.
The yak is heavily wounded.
The wall freezes the yak.
The yak gores you!
* * * LOW HITPOINT WARNING * * *
The wall freezes the yak!
Your frozen ramparts will break if you move.
Continue? [Y]es or [N]o only, please.
Your frozen ramparts will break if you move.
Continue? [Y]es or [N]o only, please.
Your frozen ramparts will break if you move.
Continue? [Y]es or [N]o only, please.
Your frozen ramparts will break if you move.
Continue?
Okay, then.
You hit the yak. Your punch misses the yak.
The yak is severely wounded.
The wall freezes the centaur.
The wall freezes the yak!
The yak gores you!
You die...

, , * ... #.# .# *
....###*#.# .#
.......##.#* #.#
#........# ..# ,
#(....#/.# *..## *
* ∆#.....#..#
...###.
#........###Yc.....
#......<$.)@YY.# *
#.......#####†..# *
#......)...........
###.....######
.###* #.....# **,#
#.....# * * #.....#
* #...... ,,
###.... , *


You could see 3 yaks and a centaur.

Vanquished Creatures
  A yak (D:9)
  Eustachio (D:5)
  Menkaure (D:6)
  An ice beast (D:5)
  3 orc warriors
  A phantom (D:7)
  2 ogres
  A centaur (D:8)
  2 big kobolds (D:7)
  2 bullfrogs
  2 scorpions
  6 killer bees (D:4)
  5 wights (D:7)
  3 howler monkeys
  A bullfrog zombie (D:9)
  A hound (D:5)
  A jelly (D:6)
  A centaur skeleton (D:4)
  8 orc priests
  4 orc wizards
  2 bullfrog skeletons
  Ijyb (D:3)
  2 worker ants (D:5)
  A hound skeleton (D:4)
  3 gnolls (D:3)
  12 adders
  2 white imps
  2 adder skeletons
  2 worms
  2 dart slugs (D:2)
  3 leopard geckos
  17 orcs
  3 ball pythons
  4 giant cockroaches
  5 goblins
  4 hobgoblins
  10 jackals
  16 kobolds
  4 quokkas
  5 bats
  5 frilled lizards
  7 rats
159 creatures vanquished.

Notes
Turn   | Place    | Note
-------+----------+-------------------------------------------
     0 | D:1      | wilfster70 the Gnoll Ice Elementalist began the quest for
                  | the Orb.
     0 | D:1      | Reached XP level 1. HP: 13/13 MP: 6/6
    60 | D:1      | Found a broken altar of Ashenzari.
   169 | D:1      | Became a worshipper of Ashenzari the Shackled
   348 | D:1      | Reached XP level 2. HP: 19/19 MP: 5/7
   874 | D:2      | Reached XP level 3. HP: 25/25 MP: 6/9
   883 | D:2      | Learned a level 3 spell: Frozen Ramparts
   925 | D:2      | Reached skill level 5 in Spellcasting
  1107 | D:2      | Reached skill level 1 in Invocations
  1219 | D:2      | Reached skill level 1 in Fighting
  1219 | D:2      | Reached skill level 1 in Short Blades
  1219 | D:2      | Reached skill level 1 in Long Blades
  1219 | D:2      | Reached skill level 1 in Axes
  1219 | D:2      | Reached skill level 1 in Maces & Flails
  1219 | D:2      | Reached skill level 1 in Polearms
  1219 | D:2      | Reached skill level 1 in Staves
  1219 | D:2      | Reached skill level 1 in Slings
  1219 | D:2      | Reached skill level 1 in Bows
  1219 | D:2      | Reached skill level 1 in Crossbows
  1219 | D:2      | Reached skill level 1 in Throwing
  1219 | D:2      | Reached skill level 1 in Armour
  1219 | D:2      | Reached skill level 1 in Shields
  1219 | D:2      | Reached skill level 1 in Unarmed Combat
  1219 | D:2      | Reached skill level 1 in Evocations
  1343 | D:2      | Reached XP level 4. HP: 32/32 MP: 7/11
  1493 | D:3      | Reached skill level 1 in Conjurations
  1493 | D:3      | Reached skill level 1 in Hexes
  1493 | D:3      | Reached skill level 1 in Summonings
  1493 | D:3      | Reached skill level 1 in Necromancy
  1493 | D:3      | Reached skill level 1 in Translocations
  1493 | D:3      | Reached skill level 1 in Transmutations
  1493 | D:3      | Reached skill level 1 in Fire Magic
  1493 | D:3      | Reached skill level 1 in Air Magic
  1493 | D:3      | Reached skill level 1 in Earth Magic
  1493 | D:3      | Reached skill level 1 in Poison Magic
  1823 | D:3      | Reached XP level 5. HP: 30/37 MP: 6/12
  1959 | D:3      | Found a sparkling altar of Nemelex Xobeh.
  2139 | D:3      | Noticed Ijyb
  2147 | D:3      | Killed Ijyb
  2366 | D:4      | Found an iron altar of Okawaru.
  2367 | D:4      | Noticed an ogre
  2377 | D:4      | Killed an ogre
  2378 | D:4      | Reached XP level 6. HP: 44/44 MP: 10/14
  2461 | D:4      | Reached skill level 5 in Dodging
  3053 | D:4      | Learned a level 3 spell: Ozocubu's Armour
  3157 | D:4      | Reached XP level 7. HP: 49/50 MP: 15/15
  3504 | D:4      | Found a hazy altar of Hepliaklqana.
  3535 | D:4      | Reached skill level 5 in Stealth
  4198 | D:5      | Entered Level 5 of the Dungeon
  4247 | D:5      | Reached XP level 8. HP: 57/57 MP: 9/16
  4633 | D:5      | Noticed Eustachio
  4646 | D:5      | Killed Eustachio
  5106 | D:6      | Noticed a wraith
  5396 | D:6      | Reached * piety under Ashenzari
  5503 | D:6      | Found a transporter.
  5503 | D:6      | Noticed Sassenached's ghost (novice DgWn)
  5510 | D:6      | Found a staircase to the Ecumenical Temple.
  5618 | D:6      | Noticed Menkaure
  5707 | D:6      | Found a transporter.
  5806 | D:6      | Got the falchion "Bisade" {vorpal, rElec Int+3}
  5807 | D:6      | Identified the +9 falchion "Bisade" {vorpal, rElec Int+3}
                  | (You found it on level 6 of the Dungeon)
  5920 | D:6      | Killed Menkaure
  6222 | D:7      | Reached XP level 9. HP: 61/65 MP: 14/18
  6840 | D:7      | Reached skill level 8 in Ice Magic
  7805 | D:8      | Found Xopteit's Book Boutique.
  8015 | D:8      | Identified the +1 robe "Umacvyng" {Rampage rN+ Str+3}
  8267 | D:8      | Reached ** piety under Ashenzari
  8488 | D:9      | Reached skill level 5 in Invocations
  8490 | D:9      | Slain by a yak

Illustrated notes

Levels and vault maps discovered:
D:1:      giann_forest_graveyard, layout_rooms, serial_curves, eino_curves_03,
          eino_curves_03, hangedman_abyss_or_decor_stabs,
          nicolae_ashenzari_panopticon
D:2:      layout_rooms
D:3:      layout_basic, chequers_decorated_corner, nemelex_spade_bored_becter,
          uniq_ijyb
D:4:      layout_loops_ring, nicolae_overflow_hidden_temple, okawaru_gym_becter
D:5:      layout_rooms, uniq_eustachio
D:6:      layout_loops_ring, minmay_temple_entry_sparse_star,
          gammafunk_ghost_mausoleum, uniq_menkaure
D:7:      layout_basic
D:8:      layout_loops_corners, serial_shops,
          nicolae_shop_temple_entry_statues_fountains
D:9:      layout_basic, serial_curves, eino_curves_02, eino_curves_01

Skill      XL: |  1  2  3  4  5  6  7  8  9 |
---------------+----------------------------+-----
Spellcasting   | 5 6 |  6.8
Invocations    | 1 2 3 4 5 |  5.0
Fighting       | 1 2 3 4 |  4.5
Short Blades   | 1 2 3 4 |  4.5
Long Blades    | 1 2 3 4 |  4.5
Axes           | 1 2 3 4 |  4.5
Maces & Flails | 1 2 3 4 |  4.5
Polearms       | 1 2 3 4 |  4.5
Staves         | 1 2 3 4 |  4.5
Slings         | 1 2 3 4 |  4.5
Bows           | 1 2 3 4 |  4.5
Crossbows      | 1 2 3 4 |  4.5
Throwing       | 1 2 3 4 |  4.5
Armour         | 1 2 3 4 |  4.5
Shields        | 1 2 3 4 |  4.5
Unarmed Combat | 1 2 3 4 |  4.5
Evocations     | 1 2 3 4 |  4.5
Conjurations   | 1 2 3 |  3.8
Hexes          | 1 2 3 |  3.8
Summonings     | 1 2 3 |  3.8
Necromancy     | 1 2 3 |  3.8
Translocations | 1 2 3 |  3.8
Transmutations | 1 2 3 |  3.8
Fire Magic     | 1 2 3 |  3.8
Air Magic      | 1 2 3 |  3.8
Earth Magic    | 1 2 3 |  3.8
Poison Magic   | 1 2 3 |  3.8
Dodging        | 5 6 |  6.5
Stealth        | 5 6 |  6.3
Ice Magic      | 8 |  8.1

Action                   |  1- 3 |  4- 6 |  7- 9 || total
-------------------------+-------+-------+-------++-------
Melee: Short sword       |    47 |    63 |       ||   110
       Bite              |     4 |    12 |    23 ||    39
       Punch             |       |     1 |     2 ||     3
       Spear             |       |    42 |   113 ||   155
       Falchion          |       |       |    64 ||    64
 Cast: Freeze            |    17 |       |       ||    17
       Frozen Ramparts   |     5 |    12 |    33 ||    50
       Ozocubu's Armour  |       |       |     8 ||     8
Invok: Curse Item        |       |       |     1 ||     1
Evoke: Wand              |       |     1 |       ||     1
  Use: Potion            |       |     1 |     2 ||     3
       Scroll            |       |       |     5 ||     5
 Stab: Sleeping          |     3 |     7 |     7 ||    17
Armor: Leather armour    |    11 |     9 |    23 ||    43
Dodge: Dodged            |    49 |    72 |   122 ||   243
       Rpst.: Falchion   |       |       |    17 ||    17
